 Dungeon Crawl Stone Soup version 0.16-a0-3368-g75ac7df (webtiles) character file.

60 Fiveotanaka the Conjurer (level 3, 0/26 HPs)
             Began as a Draconian Air Elementalist on Dec 29, 2014.
             Succumbed to an adder's poison
             ... on level 2 of the Dungeon.
             The game lasted 00:06:00 (2121 turns).

Fiveotanaka the Conjurer (DrAE)                     Turns: 2121, Time: 00:06:00

Health: 0/26       AC:  5    Str: 10    XL:     3   Next: 80%
Magic:  1/6        EV: 12    Int: 16    God:
Gold:   35         SH:  0    Dex: 11    Spells: 1 memorised, 5 levels left

rFire  . . .     SeeInvis .     p - -3 short sword (curse)
rCold  . . .     Clarity  .     (armour unavailable)
rNeg   . . .     SustAb   .     (no shield)
rPois  .         Gourm    .     (helmet restricted)
rElec  .         Spirit   .     (no cloak)
rCorr  .         Warding  .     (no gloves)
rMut   .         Rnd*Tele +     (no boots)
MR     +....                    (no amulet)
Stlth  ++........               j - ring of teleportation (curse)
                                i - ring of protection from magic

@: lethally poisoned, somewhat resistant to hostile enchantments, unstealthy
A: unfitting armour, cold-blooded, AC +5
a: Evoke Teleportation


You were on level 2 of the Dungeon.
You were hungry.

You visited 1 branch of the dungeon, and saw 2 of its levels.

You collected 35 gold pieces.

Inventory:

Hand weapons
 e - a +0 club
 p - a cursed -3 short sword (weapon)
Missiles
 f - 27 poisoned needles
 k - 53 stones (quivered)
Jewellery
 i - a ring of protection from magic (left hand)
 j - a cursed ring of teleportation (right hand)
Scrolls
 d - 2 scrolls of identify
 g - a scroll of blinking
 r - a scroll of noise {unknown}
Potions
 a - a potion of heal wounds {unknown}
 l - a potion of invisibility {unknown}
 m - 2 potions of cancellation {unknown}
 o - a potion of curing {unknown}
 q - a potion of poison {unknown}
Books
 b - a book of Air

   Spells                             Type                      Level
   a - Shock                          Conjuration/Air              1
   b - Swiftness                      Charms/Air                   2
   c - Repel Missiles                 Charms/Air                   2
   d - Flight                         Charms/Air                   3
   e - Static Discharge               Conjuration/Air              3
   f - Lightning Bolt                 Conjuration/Air              5
Comestibles
 c - 2 bread rations
 h - 2 meat rations
 n - 2 chunks of flesh


   Skills:
 - Level 1.7 Dodging
 - Level 1.7 Stealth
 - Level 2.0 Spellcasting
 + Level 3.7 Conjurations
 - Level 3.0 Air Magic


You had 5 spell levels left.
You knew the following spells:

 Your Spells              Type           Power        Failure   Level  Hunger
a - Shock                 Conj/Air       ##..         8%          1    #......


Dungeon Overview and Level Annotations

Branches:
Dungeon (2/15)

Altars:


Innate Abilities, Weirdness & Mutations

Your plain brown scales are hard (AC +5).
Your body does not fit into most forms of armour.
Your cold-blooded metabolism reacts poorly to cold.


Message History

Confirm with . or Enter, or press ? or * to list all spells.
Aiming: Shock
Press: ? - help, Shift-Dir - straight line, f/p - worm
Aim: a worm (almost dead, summoned)
The zap hits the worm.
The worm is almost dead.
A jackal comes into view.
A kobold comes into view.
The kobold shouts!
You hear a bark!
You hear a bark!
The adder closely misses you.
There is a stone staircase leading down here.
The adder bites you.
* * * LOW HITPOINT WARNING * * *
You are lethally poisoned!
The adder poisons you! The adder barely misses you.
* * * LOW HITPOINT WARNING * * *
You feel sick.
A jackal comes into view.
Your surroundings suddenly seem different.
You die...

######......#.......#...#.#'#####
#*####......'.......#...#.#.^....
,,..##......####....#...#.#######
,,...+..............+............
#*#.##......####....##.####.###.#
# #S##......####....##...........
* #.##......##......###.###.###..
###'##......##......# #..##.# #..
..........####..@...# ##.##.# #..
..........# #......# #..#.# #..
..........# #......# ##.#.# #..
..........## #......# #.#.# #..
...........# ###+#### #.#.# #..
...........# ***+#* #...# #..
...........# *....########..###..
...........# #....#..........##..
########...# #....#..........##.#


There were no monsters in sight!

Vanquished Creatures
  Terence (D:2)
  6 giant geckos
  A ball python (D:2)
  2 giant cockroaches (D:1)
  6 hobgoblins (D:1)
  4 kobolds
  A quokka (D:2)
  4 bats
  9 giant newts
  4 goblins
  6 rats
  A plant (D:1)
45 creatures vanquished.

Notes
Turn   | Place    | Note
--------------------------------------------------------------
     0 | D:1      | Fiveotanaka, the Draconian Air Elementalist, began the quest for the Orb.
     0 | D:1      | Reached XP level 1. HP: 14/14 MP: 3/3
   470 | D:1      | Reached XP level 2. HP: 20/20 MP: 0/4
  1185 | D:1      | Reached XP level 3. HP: 22/26 MP: 1/6
  1922 | D:2      | Noticed Terence
  1948 | D:2      | Killed Terence
  2118 | D:2      | HP: 1/26 [poisoned by an adder]
  2121 | D:2      | Succumbed to an adder's poison

Action                   || total
-------------------------++-------
Melee: Club              ||   175
       Unarmed           ||     3
       Short sword       ||    17
 Cast: Shock             ||    81
  Use: Scroll            ||     2
 Stab: Sleeping          ||     2
  Eat: Chunk             ||     5
